MLB
COLORADO ROCKIES @ NEW YORK METS
04/26/2099
 
TOP OF THE 1ST
Colorado Rockies batting - Pitching for New York Mets : RHP Matt Osorio
Pitching: RHP Matt Osorio
Batting: LHB Glenn Sewell 0-0: Ball
1-0: Ball
2-0: Ball
3-0: Called Strike
3-1: Foul Ball, location: 9LSF
3-2: Base on Balls
Batting: RHB Mike Woodard 0-0: SINGLE (Groundball, 4D, EV 104.4 MPH)
Glenn Sewell to second
Runner from 2nd tries for 3rd, SAFE, no throw by CF
Batting: LHB Matt Beck 0-0: Ball
1-0: Ball
2-0: Swinging Strike
2-1: Swinging Strike
2-2: Foul Ball, location: 5SF
2-2: Foul Ball, location: 2F
2-2: Ball
3-2: Foul Ball, location: 5F
3-2: Foul Ball, location: 3F
3-2: Fly out, F8 (Flyball, 78D, EV 95.6 MPH)
Runner from 3rd tags up, SCORES, throw by CF
Batting: RHB Kosuke Sakai 0-0: Ball
Mike Woodard is caught stealing 2nd base 2-4
1-0: Swinging Strike
1-1: Foul Ball, location: 9LSF
1-2: Foul Ball, location: 2F
1-2: Strikes out swinging
Top of the 1st over - 1 run, 1 hit, 0 errors, 0 left on base; Colorado 1 - New York 0
BOTTOM OF THE 1ST
New York Mets batting - Pitching for Colorado Rockies : RHP Dave Baldwin
Pitching: RHP Dave Baldwin
Batting: RHB Jose de la Rosa 0-0: SINGLE (Line Drive, 8RS, EV 94.4 MPH)
Batting: RHB Jeff Hestermann 0-0: Ball
Jose de la Rosa steals 2nd base
1-0: Ground out 6-3 (Groundball, 6, EV 85.0 MPH)
Jose de la Rosa to third
Batting: LHB Omar Gomez 0-0: Ball
1-0: Called Strike
1-1: Swinging Strike
1-2: Foul Ball, location: 2F
1-2: Strikes out looking
Batting: LHB Bill Hayden 0-0: Fly out, F8 (Flyball, 8LS, EV 72.5 MPH)
Bottom of the 1st over - 0 runs, 1 hit, 0 errors, 1 left on base; Colorado 1 - New York 0
TOP OF THE 2ND
Colorado Rockies batting - Pitching for New York Mets : RHP Matt Osorio
Batting: LHB Jim Davis 0-0: Ball
1-0: Ball
2-0: SINGLE (Line Drive, 5D, EV 100.6 MPH)
Batting: LHB Jeremy Papish 0-0: Ball
1-0: Swinging Strike
1-1: Swinging Strike
1-2: Strikes out looking
Batting: LHB Mike Keatts 0-0: Ball
1-0: Foul Ball, location: 2F
1-1: Foul Ball, location: 2F
1-2: Ball
2-2: Ball
3-2: Fly out, F7 (Flyball, 7D, EV 111.3 MPH)
Batting: RHB Orlando Serrano 0-0: Called Strike
0-1: Ball
1-1: Fielders Choice at 2nd, 6-4 (Groundball, 6, EV 91.9 MPH)
Top of the 2nd over - 0 runs, 1 hit, 0 errors, 1 left on base; Colorado 1 - New York 0
BOTTOM OF THE 2ND
New York Mets batting - Pitching for Colorado Rockies : RHP Dave Baldwin
Batting: LHB Jason Nielsen 0-0: Ball
1-0: Ball
2-0: Swinging Strike
2-1: Swinging Strike
2-2: Strikes out swinging
Batting: LHB Tyler Brown 0-0: Called Strike
0-1: Ball
1-1: DOUBLE (Line Drive, 7LM, EV 110.6 MPH)
Batting: RHB Jimmy Moore 0-0: Foul Ball, location: 2F
0-1: Fly out, F8 (Flyball, 8RD, EV 110.0 MPH)
Batting: RHB Mitsuro Kishi 0-0: Swinging Strike
0-1: Ball
1-1: Ball
2-1: Called Strike
2-2: DOUBLE (Line Drive, 7LM, EV 101.3 MPH)
Tyler Brown scores
Batting: RHB Tim Kingsley 0-0: Ball
1-0: Ground out 6-3 (Groundball, 6S, EV 91.3 MPH)
Bottom of the 2nd over - 1 run, 2 hits, 0 errors, 1 left on base; Colorado 1 - New York 1
TOP OF THE 3RD
Colorado Rockies batting - Pitching for New York Mets : RHP Matt Osorio
Batting: LHB Jesus Pena 0-0: Ground out U3 (Groundball, 34, EV 80.6 MPH)
Batting: LHB Glenn Sewell 0-0: Called Strike
0-1: SINGLE (Line Drive, 8LS, EV 103.1 MPH)
Batting: RHB Mike Woodard 0-0: Called Strike
0-1: Ball
Glenn Sewell steals 2nd base
1-1: Ball
2-1: 2-RUN HOME RUN (Flyball, 8RXD, EV 103.8 MPH), Distance : 439 ft
Batting: LHB Matt Beck 0-0: Ball
1-0: Ball
2-0: Ball
3-0: Hit by Pitch, AND HE CHARGES THE MOUND! The benches clear!
Pitching: LHP Mike White
Pinch Runner at 1st Tony Thomas:
Batting: RHB Kosuke Sakai 0-0: Foul Ball, location: 2F
0-1: Ball
1-1: 2-RUN HOME RUN (Flyball, 9LD, EV 98.8 MPH), Distance : 349 ft
Batting: LHB Jim Davis 0-0: Called Strike
0-1: Called Strike
0-2: Strikes out swinging
Batting: LHB Jeremy Papish 0-0: Hit by Pitch
Batting: LHB Mike Keatts 0-0: Ball
1-0: DOUBLE (Line Drive, 78D, EV 106.9 MPH)
Jeremy Papish to third
Batting: RHB Orlando Serrano 0-0: Ground out 5-3 (Groundball, 56, EV 78.1 MPH)
Top of the 3rd over - 4 runs, 4 hits, 0 errors, 2 left on base; Colorado 5 - New York 1
BOTTOM OF THE 3RD
New York Mets batting - Pitching for Colorado Rockies : RHP Dave Baldwin
Batting: RHB Jose de la Rosa 0-0: Ball
1-0: Called Strike
1-1: Ball
2-1: Ground out 6-3 (Groundball, 6, EV 88.8 MPH)
Batting: RHB Jeff Hestermann 0-0: Ball
1-0: SINGLE (Flyball, 34D, EV 91.3 MPH)
Batting: LHB Omar Gomez 0-0: Called Strike
0-1: Foul Ball, location: 5F
0-2: SINGLE (Groundball, 6MD, EV 99.4 MPH)
Jeff Hestermann to second
Batting: LHB Bill Hayden 0-0: Ball
1-0: Ball
2-0: Called Strike
2-1: DOUBLE (Line Drive, 8RXD, EV 102.5 MPH)
Jeff Hestermann scores
Omar Gomez to third
Runner from 3rd tries for Home, SAFE, no throw by CF
Batting: LHB Jason Nielsen 0-0: Swinging Strike
0-1: Ball
1-1: Ball
2-1: Called Strike
2-2: Ground out U3 (Groundball, 34, EV 106.3 MPH)
Bill Hayden to third
Batting: LHB Tyler Brown 0-0: Called Strike
0-1: Ball
1-1: SINGLE (Groundball, 13S, EV 69.4 MPH) (infield hit)
Bill Hayden scores
Batting: RHB Jimmy Moore 0-0: 2-RUN HOME RUN (Flyball, 78XD, EV 98.1 MPH), Distance : 391 ft
Batting: RHB Mitsuro Kishi 0-0: Called Strike
0-1: Ball
1-1: Swinging Strike
1-2: Strikes out swinging
Bottom of the 3rd over - 5 runs, 5 hits, 0 errors, 0 left on base; Colorado 5 - New York 6
TOP OF THE 4TH
Colorado Rockies batting - Pitching for New York Mets : LHP Mike White
Batting: LHB Jesus Pena 0-0: Ball
1-0: Foul Ball, location: 2F
1-1: Ball
2-1: Ball
3-1: Fly out, F8 (Flyball, 78M, EV 80.6 MPH)
Batting: LHB Glenn Sewell 0-0: Fly out, F8 (Flyball, 8RD, EV 97.5 MPH)
Batting: RHB Mike Woodard 0-0: Swinging Strike
0-1: Called Strike
0-2: Foul Ball, location: 5SF
0-2: Ball
1-2: Foul Ball, location: 5F
1-2: Ball
2-2: Strikes out looking
Top of the 4th over - 0 runs, 0 hits, 0 errors, 0 left on base; Colorado 5 - New York 6
BOTTOM OF THE 4TH
New York Mets batting - Pitching for Colorado Rockies : RHP Dave Baldwin
Batting: RHB Tim Kingsley 0-0: Ball
1-0: Called Strike
1-1: Fly out, F7 (Flyball, 78D, EV 100.0 MPH)
Pitching: RHP Xavier Clayton
Batting: RHB Jose de la Rosa 0-0: Ball
1-0: Called Strike
1-1: DOUBLE (Flyball, 8RXD, EV 113.1 MPH)
Batting: RHB Jeff Hestermann 0-0: Ball
1-0: Called Strike
1-1: Ball
2-1: Foul Ball, location: 9LDF
2-2: Strikes out swinging, 2-3 out at first.
Batting: LHB Omar Gomez 0-0: Ball
1-0: Foul Ball, location: 23F
1-1: Ball
2-1: Ball
3-1: Foul Ball, location: 7LMF
3-2: Strikes out looking
Bottom of the 4th over - 0 runs, 1 hit, 0 errors, 1 left on base; Colorado 5 - New York 6
TOP OF THE 5TH
Colorado Rockies batting - Pitching for New York Mets : LHP Mike White
Batting: RHB Tony Thomas 0-0: Ball
1-0: Foul Ball, location: 2F
1-1: Called Strike
1-2: Strikes out swinging
Batting: RHB Kosuke Sakai 0-0: Ball
1-0: DOUBLE (Flyball, 8LXD, EV 95.6 MPH)
Pinch Hitting: SHB Brian Hatcher 0-0: Ball
1-0: Ball
2-0: Foul Ball, location: 3SF
2-1: Foul Ball, location: 5FF
2-2: Ball
3-2: Foul Ball, location: 2F
3-2: Base on Balls
Batting: LHB Jeremy Papish 0-0: Called Strike
0-1: Ball
1-1: Foul Ball, location: 25FF
1-2: Ball
2-2: Strikes out swinging
Batting: LHB Mike Keatts 0-0: Ball
1-0: Ball
2-0: Ball
3-0: Called Strike
3-1: Called Strike
3-2: Fly out, F5 (Popup, 56S, EV 85.0 MPH)
Top of the 5th over - 0 runs, 1 hit, 0 errors, 2 left on base; Colorado 5 - New York 6
BOTTOM OF THE 5TH
New York Mets batting - Pitching for Colorado Rockies : RHP Xavier Clayton
Now at 1B: Ricky Aguilera
Batting: LHB Bill Hayden 0-0: Ball
1-0: Fly out, F5 (Popup, 56, EV 72.5 MPH)
Batting: LHB Jason Nielsen 0-0: SOLO HOME RUN (Flyball, 89XD, EV 110.0 MPH), Distance : 443 ft
Batting: LHB Tyler Brown 0-0: Ball
1-0: Ball
2-0: Called Strike
2-1: Foul Ball, location: 2F
2-2: Fly out, F9 (Flyball, 9, EV 107.5 MPH)
Batting: RHB Jimmy Moore 0-0: Called Strike
0-1: Ball
1-1: Foul Ball, location: 2F
1-2: Ball
2-2: Foul Ball, location: 23F
2-2: Foul Ball, location: 2F
2-2: Foul Ball, location: 7LDF
2-2: Strikes out swinging
Bottom of the 5th over - 1 run, 1 hit, 0 errors, 0 left on base; Colorado 5 - New York 7
TOP OF THE 6TH
Colorado Rockies batting - Pitching for New York Mets : LHP Mike White
Batting: RHB Orlando Serrano 0-0: Ball
1-0: Ball
2-0: Foul Ball, location: 25F
2-1: Fly out, F9 (Flyball, 9D, EV 106.3 MPH)
Batting: LHB Jesus Pena 0-0: Foul Ball, location: 5FF
0-1: SINGLE (Line Drive, 5L, EV 96.9 MPH)
Pitching: RHP Ollie Hardy
Batting: LHB Glenn Sewell 0-0: Ball
Jesus Pena steals 2nd base
1-0: Foul Ball, location: 2F
1-1: Foul Ball, location: 3DF
1-2: Foul Ball, location: 7LDF
1-2: Strikes out swinging
Batting: RHB Mike Woodard 0-0: Called Strike
0-1: Ball
1-1: SINGLE (Line Drive, 56, EV 98.1 MPH)
Jesus Pena to third
Runner from 3rd tries for Home, SAFE, throw by LF to home
Batting: RHB Tony Thomas 0-0: Called Strike
0-1: Called Strike
0-2: Foul Ball, location: 9LDF
0-2: Foul Ball, location: 5FF
0-2: Foul Ball, location: 7LSF
0-2: Strikes out looking
Top of the 6th over - 1 run, 2 hits, 0 errors, 1 left on base; Colorado 6 - New York 7
BOTTOM OF THE 6TH
New York Mets batting - Pitching for Colorado Rockies : RHP Xavier Clayton
Batting: RHB Mitsuro Kishi 0-0: Ball
1-0: Called Strike
1-1: Foul Ball, location: 7LDF
1-2: Ball
2-2: Strikes out swinging
Batting: RHB Tim Kingsley 0-0: Ball
1-0: Called Strike
1-1: Called Strike
1-2: Ball
2-2: Ball
3-2: Fly out, F9 (Flyball, 89M, EV 76.3 MPH)
Pitching: RHP Chris Colbert
Batting: RHB Jose de la Rosa 0-0: Foul Ball, location: 9LSF
0-1: Ball
1-1: Swinging Strike
1-2: Fly out, F7 (Flyball, 7D, EV 106.3 MPH)
Bottom of the 6th over - 0 runs, 0 hits, 0 errors, 0 left on base; Colorado 6 - New York 7
TOP OF THE 7TH
Colorado Rockies batting - Pitching for New York Mets : RHP Ollie Hardy
Batting: RHB Kosuke Sakai 0-0: Ball
1-0: Fly out, F9 (Flyball, 9LM, EV 84.4 MPH)
Batting: RHB Ricky Aguilera 0-0: Called Strike
0-1: Foul Ball, location: 23F
0-2: Ground out 5-3 (Groundball, 56, EV 81.9 MPH)
Batting: LHB Jeremy Papish 0-0: Ball
1-0: Called Strike
1-1: Ball
2-1: Ground out 6-3 (Groundball, 6, EV 100.6 MPH)
Top of the 7th over - 0 runs, 0 hits, 0 errors, 0 left on base; Colorado 6 - New York 7
BOTTOM OF THE 7TH
New York Mets batting - Pitching for Colorado Rockies : RHP Chris Colbert
Batting: RHB Jeff Hestermann 0-0: Ball
1-0: Ball
2-0: Ball
3-0: Called Strike
3-1: Base on Balls
Batting: LHB Omar Gomez 0-0: Ball
1-0: Foul Ball, location: 2F
1-1: Called Strike
1-2: Strikes out swinging
Batting: LHB Bill Hayden 0-0: Ground out 4-3 (Groundball, 4S, EV 64.4 MPH)
Jeff Hestermann to second
Batting: LHB Jason Nielsen 0-0: Ball
1-0: Ball
2-0: Foul Ball, location: 7LSF
2-1: Ball
3-1: SINGLE (Line Drive, 78S, EV 106.3 MPH)
Jeff Hestermann to third
Runner from 3rd tries for Home, SAFE, throw by CF to home
Batting: LHB Tyler Brown 0-0: SINGLE (Line Drive, 6D, EV 94.4 MPH)
Jason Nielsen to second
Batting: RHB Jimmy Moore 0-0: Ball
1-0: Ball
2-0: Called Strike
2-1: Swinging Strike
2-2: Foul Ball, location: 2F
2-2: Strikes out swinging
Bottom of the 7th over - 1 run, 2 hits, 0 errors, 2 left on base; Colorado 6 - New York 8
TOP OF THE 8TH
Colorado Rockies batting - Pitching for New York Mets : RHP Ollie Hardy
Batting: LHB Mike Keatts 0-0: Called Strike
0-1: Foul Ball, location: 2F
0-2: Foul Ball, location: 7LMF
0-2: Ball
1-2: Ground out 6-3 (Groundball, 6, EV 80.6 MPH)
Batting: RHB Orlando Serrano 0-0: Ball
1-0: Ball
2-0: Ball
3-0: Called Strike
3-1: Base on Balls
Pitching: LHP Brandon Moore
Batting: LHB Jesus Pena 0-0: Ball
1-0: Ball
2-0: Ball
3-0: Called Strike
3-1: SINGLE (Line Drive, 6D, EV 103.1 MPH)
Orlando Serrano to second
Pinch Hitting: RHB Brenden Oxton 0-0: Ball
1-0: Called Strike
1-1: Ball
2-1: Fly out, F9 (Line Drive, 89S, EV 98.1 MPH)
Batting: RHB Mike Woodard 0-0: Called Strike
0-1: Ball
1-1: Ball
2-1: Foul Ball, location: 9LDF
2-2: Ground out U3 (Groundball, 34, EV 63.1 MPH)
Top of the 8th over - 0 runs, 1 hit, 0 errors, 2 left on base; Colorado 6 - New York 8
BOTTOM OF THE 8TH
New York Mets batting - Pitching for Colorado Rockies : RHP Chris Colbert
Pitching: RHP Gustavo Becerra
Now at SS: John Stevens
Now in LF: Mike Keatts
Batting: RHB Mitsuro Kishi 0-0: Ball
1-0: Called Strike
1-1: Foul Ball, location: 2F
1-2: Foul Ball, location: 2F
1-2: Strikes out looking
Batting: RHB Tim Kingsley 0-0: Ball
1-0: Called Strike
1-1: Swinging Strike
1-2: Strikes out swinging
Batting: RHB Jose de la Rosa 0-0: Ball
1-0: Called Strike
1-1: Ball
2-1: Fly out, F9 (Flyball, 9D, EV 106.9 MPH)
Bottom of the 8th over - 0 runs, 0 hits, 0 errors, 0 left on base; Colorado 6 - New York 8
TOP OF THE 9TH
Colorado Rockies batting - Pitching for New York Mets : LHP Brandon Moore
Pitching: RHP Francisco Flores
Batting: RHB Tony Thomas 0-0: Ball
1-0: Ball
2-0: Swinging Strike
2-1: Foul Ball, location: 2F
2-2: Foul Ball, location: 2F
2-2: DOUBLE (Flyball, 8LXD, EV 92.5 MPH)
Batting: RHB Kosuke Sakai 0-0: Ball
1-0: Foul Ball, location: 2F
1-1: Ball
2-1: Fly out, F8 (Flyball, 8LM, EV 95.6 MPH)
Batting: RHB Ricky Aguilera 0-0: Called Strike
0-1: SINGLE (Groundball, 6MD, EV 103.8 MPH)
Tony Thomas to third
Batting: LHB Jeremy Papish 0-0: Called Strike
0-1: Ball
1-1: Foul Ball, location: 5DF
1-2: Strikes out swinging
Batting: LHB Mike Keatts 0-0: Foul Ball, location: 7LDF
0-1: Foul Ball, location: 7LDF
0-2: Ball
1-2: Ball
2-2: Foul Ball, location: 2F
2-2: Ground out 4-3 (Groundball, 4, EV 94.4 MPH)
Top of the 9th over - 0 runs, 2 hits, 0 errors, 2 left on base; Colorado 6 - New York 8
Saturday, May 4th , 2024 - OOTP Baseball 24.11 Build 85